 Dungeon Crawl Stone Soup version 0.29.1-13-g9f3cf754e1 (webtiles) character file.

Game seed: 8628791218780408005

276 leafyfresh the Charlatan (level 6, 0/44 HPs)
             Began as a Gnoll Wanderer on Feb 3, 2023.
             Was an Initiate of Okawaru.
             Slain by Pikel
             ... wielding a +2 whip of freezing
              (4 damage)
             ... on level 4 of the Dungeon.
             The game lasted 00:07:35 (6177 turns).

leafyfresh the Charlatan (Gnoll Wanderer)           Turns: 6177, Time: 00:07:36

Health: 0/44       AC:  4    Str:  8    XL:     6   Next: 25%
Magic:  10/11      EV: 17    Int: 15    God:    Okawaru [......]
Gold:   224        SH:  0    Dex: 13    Spells: 5/11 levels left

rFire   . . .      SeeInvis .   u - +1 whip (venom)
rCold   . . .      Faith    .   (no shield)
rNeg    . . .      Spirit   .   c - +0 robe
rPois   .          Reflect  .   (no helmet)
rElec   .          Harm     .   k - +0 cloak
rCorr   .          Rampage  .   (no gloves)
Will    .....                   w - +0 pair of boots
Stlth   ++........              (no amulet)
HPRegen 0.14/turn               h - +4 ring of evasion
MPRegen 0.12/turn               j - ring of flight

@: flying, very slightly contaminated
A: fangs 1, strong nose, distributed training
a: Renounce Religion


You were on level 4 of the Dungeon.
You worshipped Okawaru.
Okawaru was noncommittal.
You visited 1 branch of the dungeon, and saw 4 of its levels.

You collected 224 gold pieces.

Inventory:

Hand Weapons
 a - a +0 dagger
 g - a +0 spear
 u - a +1 whip of venom (weapon)
Armour
 c - a +0 robe (worn)
 k - a +0 cloak (worn)
 w - a +0 pair of boots (worn)
Jewellery
 h - a +4 ring of evasion (left hand)
 j - a ring of flight (right hand)
Wands
 d - a wand of flame (3) (quivered)
Scrolls
 b - 2 scrolls of summoning
 e - a scroll of acquirement {unknown}
 f - 7 scrolls of identify {unknown}
 l - a scroll of teleportation {unknown}
 m - a scroll of fear {unknown}
 r - a scroll of blinking {unknown}
 t - a scroll of enchant weapon {unknown}
 x - a scroll of magic mapping {unknown}
Potions
 i - 3 potions of flight {unknown}
 n - 3 potions of curing {unknown}
 o - 2 potions of resistance {unknown}
 p - a potion of berserk rage {unknown}
 q - a potion of degeneration {unknown}
 s - a potion of lignification {unknown}
 v - a potion of brilliance {unknown}
 z - a potion of haste {unknown}


   Skills:
 + Level 2.0 Fighting
 + Level 2.0 Short Blades
 + Level 2.0 Long Blades
 + Level 2.0 Axes
 + Level 2.0 Maces & Flails
 + Level 2.0 Polearms
 + Level 2.0 Staves
 + Level 2.0 Ranged Weapons
 + Level 2.0 Throwing
 + Level 3.2 Armour
 + Level 3.2 Dodging
 + Level 2.0 Stealth
 + Level 2.0 Shields
 + Level 2.0 Unarmed Combat
 + Level 3.4 Spellcasting
 + Level 1.5 Conjurations
 + Level 1.5 Hexes
 + Level 5.6 Summonings
 + Level 1.5 Necromancy
 + Level 1.5 Translocations
 + Level 1.5 Transmutations
 + Level 1.5 Fire Magic
 + Level 1.5 Ice Magic
 + Level 1.5 Air Magic
 + Level 1.5 Earth Magic
 + Level 2.6 Poison Magic
 + Level 2.1 Invocations
 + Level 6.8 Evocations


You had 5 spell levels left.
You knew the following spells:

 Your Spells              Type           Power      Damage    Failure   Level
a - Mephitic Cloud        Conj/Pois/Air  8%         N/A       26%         3
b - Call Imp              Summ           19%        N/A       2%          2
c - Sting                 Tmut/Pois      32%        1d4       9%          1

Your spell library contained the following spells:

 Spells                   Type           Power      Damage    Failure   Level
 Apportation              Tloc           14%        N/A       11%         1
 Necrotise                Necr           28%        1d5       11%         1
 Sandblast                Erth           14%        2d6       11%         1
 Summon Small Mammal      Summ           Unusable   N/A       N/A         1
 Summon Ice Beast         Ice/Summ       Unusable   N/A       N/A         4

Dungeon Overview and Level Annotations

Branches:
Dungeon (4/15)
 Temple: D:4-7

Altars:
Okawaru
Qazlal
Ru
Sif Muna

Shops:
D:3 =

Annotations:
D:4 Pikel


Innate Abilities, Weirdness & Mutations

You have very sharp teeth.
Your uncanny sense of smell can sniff out nearby items.
Your experience applies equally to all skills.


Message History

You hit Pikel but do no damage.
Pikel is poisoned.
You bite Pikel, but do no damage.
Pikel is moderately wounded.
Pikel misses you.
You barely miss Pikel. Your bite misses Pikel.
Pikel is heavily wounded.
Pikel closely misses you.
You hit Pikel but do no damage.
Pikel is heavily wounded.
You kill the lemure!
That felt strangely unrewarding.
Pikel closely misses you.
You hit Pikel.
Pikel looks as sick as possible!
You bite Pikel, but do no damage.
Pikel is heavily wounded.
Pikel hits you with a +2 whip of freezing.
* * * LOW HITPOINT WARNING * * *
Pikel freezes you.
* * * LOW HITPOINT WARNING * * *
Pikel attacks as you move away!
Pikel hits you with a +2 whip of freezing.
* * * LOW HITPOINT WARNING * * *
Pikel freezes you.
* * * LOW HITPOINT WARNING * * *
Pikel attacks as you move away! Pikel completely misses you.
You see here a +0 flail.
Pikel attacks as you move away! Pikel closely misses you.
Pikel attacks as you move away! Pikel completely misses you.
Casting: Sting (safe; 9% risk of failure)
Confirm with . or Enter, or press ? or * to list all spells.
Okay, then.
Casting: Sting (safe; 9% risk of failure)
Confirm with . or Enter, or press ? or * to list all spells.
Aiming: Sting (safe; 9% risk of failure)
Press: ? - help, Shift-Dir - straight line, f/p - Pikel
Aim: Pikel, wielding a +2 whip of freezing and wearing a +0 robe (almost dead, very poisoned, 60% to hit)
You miscast Sting.
You are very lightly contaminated with residual magic.
Nothing appears to happen.
Pikel hits you with a +2 whip of freezing.
You die...

#........... ...####...###.#
######.#########.# #...# #.#
#...........).##.. .....# #.#
#.####.######.##.# ###..## #.#
#.# #...#.# #..# #.# #.# #...#.#
#..# #.# #. #.#####..5#.## #..#
#.# #.#
#.##.....K...####..####.#
###.####........@..............#
..........#...............######
....####.##.##...#.#####..#
###.# #.##.##...#.# ##.#
#.####.........#.# #.#
#................# #.#
###.######..###.#### #.#
...#........###.# #.#
.....#####......# #.#


You could see Pikel (very poisoned) and a lemure.

Vanquished Creatures
  3 lemures (D:4)
  A necrophage (D:4)
  A jelly (D:4)
  Jessica (D:2)
  2 orc wizards (D:4)
  Robin (D:4)
  2 adders
  2 dart slugs
  4 orcs
  4 ball pythons
  6 endoplasms
  2 giant cockroaches (D:2)
  15 goblins
  8 hobgoblins
  3 jackals (D:2)
  A quokka (D:1)
  6 bats
  2 frilled lizards
  2 kobolds (D:4)
  7 rats
73 creatures vanquished.

Notes
Turn   | Place    | Note
-------+----------+-------------------------------------------
     0 | D:1      | leafyfresh the Gnoll Wanderer began the quest for the Orb.
     0 | D:1      | leafyfresh set off with the following items: a +0 dagger, a
                  | scroll of summoning, a +0 robe, a wand of flame (3); and
                  | the following spells available to memorise: Summon Small
                  | Mammal, Call Imp, Sting, Mephitic Cloud, Summon Ice Beast.
     0 | D:1      | Reached XP level 1. HP: 13/13 MP: 4/4
   517 | D:1      | Reached XP level 2. HP: 9/19 MP: 5/5
  1563 | D:1      | You fall into a shaft and drop 1 floor!
  1654 | D:2      | Noticed Jessica
  1679 | D:2      | Killed Jessica
  1680 | D:2      | Reached skill level 1 in Invocations
  1680 | D:2      | Reached XP level 3. HP: 19/25 MP: 7/7
  1817 | D:2      | Reached skill level 1 in Fighting
  1817 | D:2      | Reached skill level 1 in Short Blades
  1817 | D:2      | Reached skill level 1 in Long Blades
  1817 | D:2      | Reached skill level 1 in Axes
  1817 | D:2      | Reached skill level 1 in Maces & Flails
  1817 | D:2      | Reached skill level 1 in Polearms
  1817 | D:2      | Reached skill level 1 in Staves
  1817 | D:2      | Reached skill level 1 in Ranged Weapons
  1817 | D:2      | Reached skill level 1 in Throwing
  1817 | D:2      | Reached skill level 1 in Stealth
  1817 | D:2      | Reached skill level 1 in Shields
  1817 | D:2      | Reached skill level 1 in Unarmed Combat
  2756 | D:2      | Reached XP level 4. HP: 26/32 MP: 8/8
  3636 | D:2      | Learned a level 3 spell: Mephitic Cloud
  3639 | D:2      | Learned a level 2 spell: Call Imp
  3641 | D:2      | Learned a level 1 spell: Sting
  3786 | D:3      | Reached skill level 1 in Conjurations
  3786 | D:3      | Reached skill level 1 in Hexes
  3786 | D:3      | Reached skill level 1 in Necromancy
  3786 | D:3      | Reached skill level 1 in Translocations
  3786 | D:3      | Reached skill level 1 in Transmutations
  3786 | D:3      | Reached skill level 1 in Fire Magic
  3786 | D:3      | Reached skill level 1 in Ice Magic
  3786 | D:3      | Reached skill level 1 in Air Magic
  3786 | D:3      | Reached skill level 1 in Earth Magic
  3953 | D:3      | Found a faded altar of an unknown god.
  3957 | D:3      | Found a sacrificial altar of Ru.
  4122 | D:3      | Found Bipemece's Jewellery Shoppe.
  4462 | D:4      | Noticed a necrophage
  4481 | D:4      | Killed a necrophage
  4482 | D:4      | Reached XP level 5. HP: 11/37 MP: 7/9
  4915 | D:4      | Found a shimmering blue altar of Sif Muna.
  5361 | D:4      | Got Sif Muna's Volume of Earth
  5395 | D:4      | Noticed Robin
  5422 | D:4      | Killed Robin
  5423 | D:4      | Reached XP level 6. HP: 17/44 MP: 4/11
  5688 | D:4      | Found an iron altar of Okawaru.
  5704 | D:4      | Found a stormy altar of Qazlal.
  5764 | D:4      | Became a worshipper of Warmaster Okawaru
  6132 | D:4      | Noticed Pikel
  6167 | D:4      | HP: 2/44 [Pikel/+2 whip of freezing (1)]
  6177 | D:4      | Slain by Pikel

Illustrated notes

Levels and vault maps discovered:
D:1:      lightli_arrival_windingriver, layout_loops_ring,
          shapermc_ecumenical_altar_mp_urbaneastern, minivault_25, minivault_23
D:2:      layout_basic, uniq_jessica
D:3:      layout_basic, nicolae_overflow_ecumenical_swirl, serial_shops, shop
D:4:      layout_loops_ring, mainiacjoe_overflow_large_starburst, led_sif_book,
          uniq_robin, uniq_pikel

Skill      XL: |  1  2  3  4  5  6 |
---------------+-------------------+-----
Poison Magic   | 2 |  2.6
Invocations    | 1 2 |  2.1
Fighting       | 1 2 |  2.0
Short Blades   | 1 2 |  2.0
Long Blades    | 1 2 |  2.0
Axes           | 1 2 |  2.0
Maces & Flails | 1 2 |  2.0
Polearms       | 1 2 |  2.0
Staves         | 1 2 |  2.0
Ranged Weapons | 1 2 |  2.0
Throwing       | 1 2 |  2.0
Stealth        | 1 2 |  2.0
Shields        | 1 2 |  2.0
Unarmed Combat | 1 2 |  2.0
Spellcasting   | 3 |  3.4
Conjurations   | 1 |  1.5
Hexes          | 1 |  1.5
Necromancy     | 1 |  1.5
Translocations | 1 |  1.5
Transmutations | 1 |  1.5
Fire Magic     | 1 |  1.5
Ice Magic      | 1 |  1.5
Air Magic      | 1 |  1.5
Earth Magic    | 1 |  1.5
Armour         | 3 |  3.2
Dodging        | 3 |  3.2
Summonings     | |  5.6
Evocations     | |  6.8

Action                   |  1- 3 |  4- 6 || total
-------------------------+-------+-------++-------
Melee: Dagger            |    39 |       ||    39
       Bite              |    12 |    24 ||    36
       Spear             |   105 |    70 ||   175
       Whip              |       |   131 ||   131
       Punch             |       |     4 ||     4
 Cast: Call Imp          |       |     1 ||     1
       Mephitic Cloud    |       |     2 ||     2
       Sting             |       |     2 ||     2
 Stab: Sleeping          |     2 |     5 ||     7
       Confused          |       |     2 ||     2
Armor: Robe              |    22 |    25 ||    47
Dodge: Dodged            |   123 |   142 ||   265
